 Dungeon Crawl Stone Soup version 0.26.1-11-gd32895ea62 (webtiles) character file.

Game seed: 18375856710803388437

217 jlumianski the Grasshopper (level 5, -2/38 (43) HPs)
             Began as a Gnoll Warper on June 24, 2021.
             Slain by a wight
             ... wielding a +5 flail of freezing
              (8 damage)
             ... on level 3 of the Dungeon.
             The game lasted 00:09:03 (2434 turns).

jlumianski the Grasshopper (Gnoll Warper)           Turns: 2434, Time: 00:09:05

HP:   -2/38 (43)    AC: 12    Str: 13    XL:     5   Next: 94%
MP:   8/12          EV: 13    Int: 16    God:
Gold: 132           SH:  0    Dex: 15    Spells: 9/14 levels left

rFire    . . .     SeeInvis .   A - +0 war axe
rCold    . . .     Faith    .   (no shield)
rNeg     . . .     Spirit   .   z - +0 ring mail
rPois    .         Reflect  .   (no helmet)
rElec    .         Harm     .   f - +1 cloak
rCorr    .         Rampage  .   B - +0 pair of gloves
Will     .....                  (no boots)
Stlth    +.........             (no amulet)
HPRegen  0.12/turn              v - +4 ring of protection
MPRegen  0.13/turn              (no ring)

@: heavily drained
A: distributed training, fangs 1, strong nose
a: no special abilities


You were on level 3 of the Dungeon.
You visited 1 branch of the dungeon, and saw 3 of its levels.

You collected 132 gold pieces.

Inventory:

Hand Weapons
 a - a +0 hand axe
 r - a cursed -2 hunting sling
 s - a +0 hunting sling
 A - a +0 war axe (weapon)
Missiles
 c - 16 poisoned darts
 e - 5 boomerangs of dispersal
 g - 8 sling bullets
 h - 105 stones
 i - 23 bolts
 l - 5 javelins (quivered)
 p - 3 boomerangs
Armour
 b - a +0 leather armour
 f - a +1 cloak (worn)
 z - a +0 ring mail (worn)
 B - a +0 pair of gloves (worn)
Jewellery
 v - a +4 ring of protection (left hand)
Scrolls
 d - a scroll of blinking
 j - a scroll of identify
 n - a scroll of fear {unknown}
 q - a scroll of fog {unknown}
 t - 2 scrolls of remove curse {unknown}
 y - a scroll of enchant armour {unknown}
Potions
 k - a potion of might {unknown}
 m - a potion of curing {unknown}
 o - 3 potions of flight {unknown}
 u - a potion of heal wounds {unknown}
 w - 2 potions of degeneration {unknown}
 x - a potion of lignification {unknown}


   Skills:
 + Level 4.9 Fighting
 + Level 1.7 Short Blades
 + Level 1.7 Long Blades
 + Level 4.9 Axes
 + Level 1.7 Maces & Flails
 + Level 1.7 Polearms
 + Level 1.7 Staves
 + Level 1.7 Slings
 + Level 1.7 Bows
 + Level 1.7 Crossbows
 + Level 3.1 Throwing
 + Level 3.1 Armour
 + Level 4.9 Dodging
 + Level 1.7 Stealth
 + Level 1.7 Shields
 + Level 1.7 Unarmed Combat
 + Level 5.2 Spellcasting
 + Level 1.3 Conjurations
 + Level 1.3 Hexes
 + Level 1.3 Summonings
 + Level 1.3 Necromancy
 + Level 5.6 Translocations
 + Level 1.3 Transmutations
 + Level 1.3 Fire Magic
 + Level 1.3 Ice Magic
 + Level 1.3 Air Magic
 + Level 1.3 Earth Magic
 + Level 1.3 Poison Magic
 + Level 1.9 Invocations
 + Level 1.7 Evocations


You had 9 spell levels left.
You knew the following spells:

 Your Spells              Type           Power        Failure   Level
a - Blink                 Tloc           N/A          4%          2
b - Gell's Gravitas       Tloc           11%          9%          3

Your spell library contained the following spells:

 Spells                   Type           Power        Failure   Level
 Lesser Beckoning         Tloc           11%          9%          3
 Teleport Other           Tloc           22%          9%          3
 Passage of Golubria      Tloc           N/A          30%         4


Dungeon Overview and Level Annotations

Branches:
Dungeon (3/15)

Altars:
Gozag


Innate Abilities, Weirdness & Mutations

Your experience applies equally to all skills.
You have very sharp teeth.
Your uncanny sense of smell can sniff out nearby items.


Message History

A wight comes into view.
It is wielding a +5 great sword of freezing.
You completely miss the wight. You bite the wight, but do no damage.
The wight is lightly damaged.
The wight hits you with a +5 flail of freezing.
You feel drained. The wight freezes you.
Casting: Gell's Gravitas (dangerous; 9% risk of failure)
Confirm with . or Enter, or press ? or * to list all spells.
Aiming: Gell's Gravitas (dangerous; 9% risk of failure)
Press: ? - help, Dir - move target, f - wight
Aim: a wight, wielding a +0 dagger and wearing a +0 robe (almost destroyed) Gravity reorients around the wight.
The wight collides with the wight! x3
The wight hits you with a +5 flail of freezing.
* * * LOW HITPOINT WARNING * * *
The wight freezes you.
* * * LOW HITPOINT WARNING * * *
Casting: Gell's Gravitas (dangerous; 9% risk of failure)
Confirm with . or Enter, or press ? or * to list all spells.
You blink.
The wight hits you with a +5 flail of freezing!
You die...

##### ### ##### ......#..
...#
......#.######.###.#.#
......'.........)zz.>#
.....#.####.#.###z#.# ...
#z# z#.# . ∆#.# .#.###
#z####z#...# #.@....#.#.#
..... ##########.# .....
#.# . .[<######## #.#
#.###..##.....# #.# ∆
......##..)..# ########.#
#......+.....###........#
..##.##.....#.^.[.....##
#.#.........#.........#


You could see 3 wights.

Vanquished Creatures
  A quasit (D:1)
  An orc priest (D:3)
  An orc wizard (D:3)
  A worker ant (D:3)
  A worker ant zombie (D:2)
  3 adders
  3 worms (D:2)
  A dart slug (D:1)
  2 leopard geckos
  5 orcs (D:3)
  3 giant cockroaches
  8 goblins
  4 hobgoblins
  2 jackals (D:2)
  4 kobolds
  A quokka (D:2)
  7 bats
  2 frilled lizards (D:1)
  9 rats
59 creatures vanquished.

Notes
Turn   | Place    | Note
-------+----------+-------------------------------------------
     0 | D:1      | jlumianski the Gnoll Warper began the quest for the Orb.
     0 | D:1      | Reached XP level 1. HP: 20/20 MP: 6/6
   228 | D:1      | Reached XP level 2. HP: 26/26 MP: 7/7
   578 | D:1      | Reached skill level 5 in Spellcasting
   578 | D:1      | Reached XP level 3. HP: 29/31 MP: 7/9
   704 | D:1      | Learned a level 2 spell: Blink
   708 | D:1      | Learned a level 3 spell: Gell's Gravitas
  1164 | D:1      | Reached skill level 1 in Short Blades
  1164 | D:1      | Reached skill level 1 in Long Blades
  1164 | D:1      | Reached skill level 1 in Maces & Flails
  1164 | D:1      | Reached skill level 1 in Polearms
  1164 | D:1      | Reached skill level 1 in Staves
  1164 | D:1      | Reached skill level 1 in Slings
  1164 | D:1      | Reached skill level 1 in Bows
  1164 | D:1      | Reached skill level 1 in Crossbows
  1164 | D:1      | Reached skill level 1 in Stealth
  1164 | D:1      | Reached skill level 1 in Shields
  1164 | D:1      | Reached skill level 1 in Unarmed Combat
  1164 | D:1      | Reached skill level 1 in Invocations
  1164 | D:1      | Reached skill level 1 in Evocations
  1164 | D:1      | Reached XP level 4. HP: 37/38 MP: 2/11
  1548 | D:2      | Found an opulent altar of Gozag.
  1649 | D:2      | Reached skill level 1 in Conjurations
  1649 | D:2      | Reached skill level 1 in Hexes
  1649 | D:2      | Reached skill level 1 in Summonings
  1649 | D:2      | Reached skill level 1 in Necromancy
  1649 | D:2      | Reached skill level 1 in Transmutations
  1649 | D:2      | Reached skill level 1 in Fire Magic
  1649 | D:2      | Reached skill level 1 in Ice Magic
  1649 | D:2      | Reached skill level 1 in Air Magic
  1649 | D:2      | Reached skill level 1 in Earth Magic
  1649 | D:2      | Reached skill level 1 in Poison Magic
  2143 | D:3      | Reached XP level 5. HP: 38/43 MP: 12/12
  2434 | D:3      | Slain by a wight

Illustrated notes

Levels and vault maps discovered:
D:1:      dpeg_chamrin_arrival_tetris, layout_rooms, st_stairs_11
D:2:      layout_basic, serial_glass, glass_columns_a, glass_columns_c,
          feat_on_display, due_unseen_surprise,
          nicolae_gozag_cash_rules_everything_around_me
D:3:      layout_basic, xom_redecorated

Skill      XL: |  1  2  3  4  5 |
---------------+----------------+-----
Spellcasting   | 5 |  5.2
Short Blades   | 1 |  1.7
Long Blades    | 1 |  1.7
Maces & Flails | 1 |  1.7
Polearms       | 1 |  1.7
Staves         | 1 |  1.7
Slings         | 1 |  1.7
Bows           | 1 |  1.7
Crossbows      | 1 |  1.7
Stealth        | 1 |  1.7
Shields        | 1 |  1.7
Unarmed Combat | 1 |  1.7
Invocations    | 1 |  1.9
Evocations     | 1 |  1.7
Conjurations   | 1 |  1.3
Hexes          | 1 |  1.3
Summonings     | 1 |  1.3
Necromancy     | 1 |  1.3
Transmutations | 1 |  1.3
Fire Magic     | 1 |  1.3
Ice Magic      | 1 |  1.3
Air Magic      | 1 |  1.3
Earth Magic    | 1 |  1.3
Poison Magic   | 1 |  1.3
Throwing       | 3 |  3.1
Armour         | 3 |  3.1
Fighting       | |  4.9
Axes           | |  4.9
Dodging        | |  4.9
Translocations | |  5.6

Action                   |  1- 3 |  4- 6 || total
-------------------------+-------+-------++-------
Melee: Hand axe          |    92 |   108 ||   200
       Bite              |     6 |    23 ||    29
       War axe           |       |    34 ||    34
Throw: Stone             |     1 |       ||     1
       Javelin           |     6 |     4 ||    10
       Boomerang         |     3 |     2 ||     5
 Cast: Blink             |     5 |     1 ||     6
       Gell's Gravitas   |       |     5 ||     5
  Use: Scroll            |       |     2 ||     2
Armor: Leather armour    |    46 |    43 ||    89
       Ring mail         |       |    11 ||    11
Dodge: Dodged            |   113 |   112 ||   225
